 Dungeon Crawl Stone Soup version 0.28-a0-899-gf2b78a14d2 (webtiles) character file.

Game seed: 12282166968325007427

576 AvatarAndi78 the Chopper (level 7, -15/91 HPs)
             Began as a Minotaur Berserker on Nov 23, 2021.
             Was a Priest of Trog.
             Killed from afar by Ijyb (33 damage)
             ... with a bolt of acid
             ... on level 5 of the Dungeon.
             The game lasted 00:07:38 (4767 turns).

AvatarAndi78 the Chopper (Minotaur Berserker)       Turns: 4767, Time: 00:07:39

Health: -15/91     AC:  5    Str: 21    XL:     7   Next: 13%
Magic:  6/6        EV: 11    Int:  4    God:    Trog [***...]
Gold:   140        SH:  0    Dex: 12    Spells: 6/6 levels left

rFire   . . .      SeeInvis .   t - +0 long sword
rCold   + . .      Faith    .   (no shield)
rNeg    . . .      Spirit   .   j - +0 scale mail
rPois   .          Reflect  .   (helmet restricted)
rElec   .          Harm     .   (no cloak)
rCorr   .          Rampage  .   m - +0 pair of gloves
Will    .....                   q - +0 pair of boots
Stlth   ..........              f - amulet of the acrobat
HPRegen 0.25/turn               h - ring of protection from fire
MPRegen 0.10/turn               r - ring of ice

@: berserking (expiring), corroded, very quick
A: horns 2, retaliatory headbutt
a: Renounce Religion, Berserk, Trog's Hand


You were on level 5 of the Dungeon.
You worshipped Trog.
Trog was most pleased with you.
You visited 1 branch of the dungeon, and saw 5 of its levels.

You collected 140 gold pieces.

Inventory:

Hand Weapons
 t - a +0 long sword (weapon)
Armour
 j - a +0 scale mail (worn)
 m - a +0 pair of gloves (worn)
 q - a +0 pair of boots (worn)
Jewellery
 f - an amulet of the acrobat (around neck)
 h - a ring of protection from fire (left hand)
 r - a ring of ice (right hand)
Wands
 n - a wand of paralysis (7)
Scrolls
 a - a scroll of identify
 l - a scroll of teleportation
 o - a scroll of enchant weapon
Potions
 b - a potion of resistance
 c - a potion of haste {unknown}


   Skills:
 + Level 5.1 Fighting
 + Level 2.7 Long Blades
 + Level 6.5 Axes
 + Level 4.9 Armour
 + Level 3.2 Dodging
 + Level 1.2 Stealth


You had 6 spell levels left.
You didn't know any spells.
Your spell library was empty.

Dungeon Overview and Level Annotations

Branches:
Dungeon (5/15)
 Temple: D:4-7

Altars:
Cheibriados
Dithmenos
Fedhas
Hepliaklqana
Kikubaaqudgha
Sif Muna
Vehumet
Xom
Zin

Annotations:
D:5 Ijyb


Innate Abilities, Weirdness & Mutations

You have a pair of horns on your head.
You reflexively headbutt those who attack you in melee.


Message History

Found a stone staircase leading down.
Ijyb the Twisted Goblin comes into view.
She is wielding a +0 dagger of speed and carrying a wand of acid (10).
Ijyb shouts!
Ijyb moves out of view.
A phantom comes into view.
Ijyb zaps a wand.
The bolt of acid hits you!! The acid corrodes you! Ijyb barely misses you.
You see here 12 stones.
A red film seems to cover your vision as you go berserk!
You feel yourself moving faster!
You feel mighty!
Ijyb hits you with a +0 dagger of speed.
The phantom hits you.
The phantom blinks!
You blink.
You completely miss the phantom. You hit the phantom.
The phantom is lightly damaged.
The phantom completely misses you.
You closely miss the phantom. Your headbutt misses the phantom.
The phantom is lightly damaged.
The phantom hits you.
You barely miss the phantom.
The phantom is lightly damaged.
The phantom hits you.
The phantom blinks!
You blink.
You closely miss the phantom. You headbutt the phantom!
The phantom is moderately damaged.
The phantom hits you.
You barely miss the phantom.
The phantom is moderately damaged.
You slash the phantom! Your headbutt misses the phantom.
The phantom is severely damaged.
The phantom hits you.
The phantom blinks!
You blink.
You hit the phantom. Your headbutt misses the phantom.
The phantom is severely damaged.
The phantom hits you.
* * * LOW HITPOINT WARNING * * *
You hit the phantom but do no damage.
The phantom is severely damaged.
The phantom hits you!
* * * LOW HITPOINT WARNING * * *
The phantom blinks!
You blink.
Ijyb zaps a wand.
The bolt of acid hits you!!
You die...

#. ..# #.. #.#
#..##.## ##......
###....§.#
.......§# #
#.......# ...
#.##.#Wg###..#
#.@.......# #
#.#§......# ##
#.##.##...#
#####. ..
..##...# #....#
########...#
#.##.. #...#
#.##.#
####..(####.##..
.................
.................


You could see a phantom and Ijyb.

Vanquished Creatures
  2 phantoms
  A scorpion (D:5)
  A bullfrog zombie (D:5)
  2 hounds (D:4)
  2 iguanas
  A bullfrog skeleton (D:5)
  A centaur skeleton (D:5)
  A hound skeleton (D:4)
  6 adders
  2 worms (D:2)
  2 dart slugs
  5 orcs
  12 ball pythons
  8 bats
  12 endoplasms
  13 goblins
  6 hobgoblins
  3 quokkas
  5 frilled lizards
  5 kobolds
  6 rats
96 creatures vanquished.

Notes
Turn   | Place    | Note
-------+----------+-------------------------------------------
     0 | D:1      | AvatarAndi78 the Minotaur Berserker began the quest for the
                  | Orb.
     0 | D:1      | Reached XP level 1. HP: 19/19 MP: 0/0
    58 | D:1      | Found a faded altar of an unknown god.
   340 | D:1      | Reached XP level 2. HP: 27/27 MP: 1/1
   398 | D:1      | Reached skill level 4 in Axes
  1189 | D:2      | Reached XP level 3. HP: 33/33 MP: 2/2
  1198 | D:2      | Reached ** piety under Trog
  1790 | D:2      | Reached XP level 4. HP: 41/41 MP: 3/3
  1848 | D:2      | Reached skill level 5 in Axes
  3179 | D:4      | Found a snail-covered altar of Cheibriados.
  3194 | D:4      | Reached XP level 5. HP: 47/47 MP: 4/4
  3365 | D:4      | Found a glowing silver altar of Zin.
  3365 | D:4      | Noticed an angel
  3367 | D:4      | Found a shimmering altar of Xom.
  3410 | D:4      | Found a hazy altar of Hepliaklqana.
  3484 | D:4      | Noticed a phantom
  3496 | D:4      | Killed a phantom
  3497 | D:4      | Reached skill level 1 in Stealth
  3507 | D:4      | Found a radiant altar of Vehumet.
  3511 | D:4      | Found an ancient bone altar of Kikubaaqudgha.
  3512 | D:4      | Found a shimmering blue altar of Sif Muna.
  3620 | D:4      | Reached skill level 6 in Axes
  3620 | D:4      | Reached XP level 6. HP: 48/55 MP: 5/5
  3807 | D:4      | Reached skill level 5 in Fighting
  4025 | D:4      | Found a shadowy altar of Dithmenos.
  4094 | D:4      | Found a blossoming altar of Fedhas.
  4164 | D:4      | Reached *** piety under Trog
  4270 | D:5      | Entered Level 5 of the Dungeon
  4275 | D:5      | Reached skill level 1 in Long Blades
  4561 | D:5      | Reached XP level 7. HP: 52/61 MP: 6/6
  4753 | D:5      | Noticed Ijyb
  4767 | D:5      | Killed from afar by Ijyb

Illustrated notes

Levels and vault maps discovered:
D:1:      minmay_arrival_split_and_join, layout_rooms,
          chequers_ecumenical_altar_simple, st_stairs_11, minmay_pentomino_s2
D:2:      layout_basic, minmay_surrounded
D:3:      layout_basic, grunt_decor_clamped, roderic_lattice_a,
          minmay_goblin_outpost
D:4:      layout_cave_pods, grunt_temple_overflow_order_and_chaos_1,
          grunt_temple_overflow_magic_moments, kennysheep_slug_shrine,
          lemuel_round_altar, mainiacjoe_overflow_swirl
D:5:      layout_loops_cross, grunt_qazlal_sundering, uniq_ijyb

Skill      XL: |  1  2  3  4  5  6 |
---------------+-------------------+-----
Axes           | 4 5 6 |  6.5
Fighting       | 4 5 |  5.1
Armour         | 3 4 |  4.9
Dodging        | 3 |  3.2
Stealth        | 1 |  1.2
Long Blades    | 2 |  2.7

Action                   |  1- 3 |  4- 6 |  7- 9 || total
-------------------------+-------+-------+-------++-------
Melee: Hand axe          |    91 |    82 |       ||   173
       Headbutt          |    12 |    17 |     4 ||    33
       Long sword        |       |    49 |    26 ||    75
Invok: Berserk           |     3 |     1 |     1 ||     5
  Use: Scroll            |       |     6 |       ||     6
       Potion            |       |     5 |       ||     5
 Stab: Sleeping          |     1 |       |       ||     1
Armor: Animal skin       |    13 |       |       ||    13
       Scale mail        |       |    51 |     2 ||    53
Dodge: Dodged            |    57 |    94 |    15 ||   166

Table legend: (Time is in decaauts)
 A = Elapsed time spent in this place.
 B = Non-inter-level travel time spent in this place.
 C = Inter-level travel time spent in this place.
 D = Time resting spent in this place.
 E = Time spent auto-exploring this place.
 F = Levels seen in this place.
 G = Mean time per level.
                   A        B        C        D        E       F      G
               +--------+--------+--------+--------+--------+-----+--------+
         Total |   4833 |   4751 |     82 |      0 |   3989 |   5 |  966.6 |
       Dungeon |   4833 |   4751 |     82 |      0 |   3989 |   5 |  966.6 |
               +--------+--------+--------+--------+--------+-----+--------+

Top non-repeatable levels by time:
     D:2: 1252 daAuts
     D:4: 1141 daAuts
     D:1: 1074 daAuts
     D:3: 859 daAuts
     D:5: 505 daAuts
